 Dungeon Sprint DCSS version 0.26-a0-1132-ge9770dfcb6 (webtiles) character file.

Game seed: 166757541405087608

22278 mhtbhm the Fencer (level 13, -3/174 HPs)
             Began as a Human Fighter on Dec 20, 2020.
             Was the Champion of Okawaru.
             Slain by a vampire knight
             ... wielding a +0 battleaxe
              (22 damage)
             ... in the Dungeon (Sprint IX: "|||||||||||||||||||||||||||||").
             The game lasted 00:07:16 (3647 turns).

mhtbhm the Fencer (Human Fighter)                   Turns: 3647, Time: 00:07:17

Health: -3/174     AC: 16    Str: 24    XL:     13   Next: 26%
Magic:  13/13      EV: 12    Int:  8    God:    Okawaru [******]
Gold:   206        SH: 22    Dex: 14    Spells: 12/12 levels left

rFire    + . .     SeeInvis .   a - +1 double sword
rCold    . . .     Faith    .   c - +1 tower shield
rNeg     . . .     Spirit   .   b - +0 storm dragon scales
rPois    +         Reflect  .   (no helmet)
rElec    +         Harm     .   m - scarf {shadows}
rCorr    .         Rampage  .   n - +0 pair of gloves
Will     .....     NoTele   +   w - +1 pair of boots {Stlth+}
Stlth    ..........             (no amulet)
HPRegen  0.39/turn              p - +3 ring of strength
MPRegen  0.13/turn              x - ring of poison resistance

@: berserking, very quick
A: iridescent scales 1, deformed body, fire resistance 1
a: Renounce Religion, Heroism, Finesse


You were in the Dungeon.
You worshipped Okawaru.
Okawaru was exalted by your worship.
You visited 1 branch You collected 1954 gold pieces.
You spent 1748 gold pieces at shops.

Inventory:

Hand Weapons
 a - a +1 double sword (weapon)
Armour
 b - +0 storm dragon scales (worn)
 c - a +1 tower shield (worn)
 m - a scarf of shadows (worn)
 n - a +0 pair of gloves (worn)
 w - a +1 pair of boots of stealth (worn)
 C - a +3 ring mail of positive energy
Jewellery
 p - a +3 ring of strength (left hand)
 q - a +2 ring of evasion
 x - a ring of poison resistance (right hand)
 A - an uncursed ring of protection from cold
 B - an uncursed ring of fire
Wands
 o - a wand of acid (9)
 z - a wand of enslavement (11)
Scrolls
 j - 3 scrolls of blinking
 k - 3 scrolls of remove curse
 l - 2 scrolls of amnesia
 t - 2 scrolls of identify
 u - 2 scrolls of enchant armour
 v - 4 scrolls of fear
 E - 6 scrolls of enchant weapon
 F - a scroll of fog
Potions
 d - 2 potions of might
 e - 5 potions of curing
 f - 9 potions of heal wounds
 g - a potion of haste
 h - 4 potions of magic
 i - 2 potions of invisibility
 r - 2 potions of berserk rage
 s - a potion of brilliance
Miscellaneous
 y - a lightning rod (4/4)


   Skills:
 + Level 15.5 Fighting
 + Level 17.6 Long Blades
 + Level 11.7 Armour
 + Level 10.1 Dodging
 + Level 3.8 Stealth
 + Level 15.9 Shields
 + Level 5.2 Evocations


You had 12 spell levels left.
You didn't know any spells.
Your spell library contained the following spells:

 Spells                   Type           Power        Failure   Level
 Cause Fear               Hex            0%           100%        4
 Silence                  Hex/Air        0%           100%        5
 Yara's Violent Unravell  Hex/Tmut       0%           100%        5
 Discord                  Hex            0%           100%        8


Dungeon Overview and Level Annotations

Branches:
Dungeon (1/1)

Altars:
Cheibriados
Dithmenos
Elyvilon
Fedhas
Gozag
Hepliaklqana
Kikubaaqudgha
Makhleb
Nemelex Xobeh
Okawaru
Qazlal
Ru
Sif Muna
Trog
Uskayaw
Vehumet
Wu Jian
Xom
Yredelemnul
Zin
The Shining One
Beogh
Jiyva
Lugonu

Shops:
D *}[!


Innate Abilities, Weirdness & Mutations

You are partially covered in iridescent scales. (AC +2)
Armour fits poorly on your strangely shaped body.
Your flesh is heat resistant. (rF+)


Message History

You block the ettin's attack. x2
Unknown command.
You slash something!
Unholy energy fills the air.
A red film seems to cover your vision as you go berserk!
You feel yourself moving faster!
You feel mighty!
Unholy energy fills the air.
The ettin hits you with a +0 dire flail!!
The ettin hits you but does no damage.
You hear some strange, mumbled words.
Something tries to affect you, but you resist.
You slash something! You block the ettin's attack.
The ettin hits you with a +0 dire flail!!!
* * * LOW HITPOINT WARNING * * *
Unholy energy fills the air.
* * * LOW HITPOINT WARNING * * *
You slash something!
A floating eye comes into view.
You barely miss something.
The floating eye turns its gaze towards you.
Something hits you!!
You die...

▓.▓.▓.▓.▓)▓.▓)▓
▓'▓.▓.▓.▓)▓.▓)▓
▓_▓.▓.▓.▓)▓.▓)▓
▓_▓.▓.▓.▓)▓.▓)▓
▓_▓.▓.▓.▓)▓.▓)▓
▓_▓.▓÷▓.▓.▓.▓)▓
▓_▓.▓'▓.▓)▓.▓(▓
▓_▓.▓÷▓.▓.▓.▓{▓
▓_▓.▓†▓.▓)▓.▓@▓
▓_▓.▓.▓.▓.▓.▓C▓
▓_▓.▓.▓.▓.▓.▓[▓
▓_▓.▓.▓.▓.▓.▓[▓
▓_▓.▓.▓.▓)▓.▓[▓
▓_▓.▓.▓.▓(▓.▓.▓
▓_▓.▓.▓.▓)▓.▓G▓
▓_▓.▓.▓.▓)▓.▓[▓
▓_▓.▓÷▓.▓)▓.▓[▓


You could see an ettin and a floating eye.

Vanquished Creatures
  2 stone giants (D)
  A rakshasa (D)
  A boulder beetle (D)
  2 centaur warriors (D)
  5 two-headed ogres (D)
  7 ogre magi (D)
  A tengu warrior (D)
  An unseen horror (D)
  An orc knight (D)
  A black mamba (D)
  A cane toad (shapeshifter) (D)
  6 cane toads (D)
  Psyche (D)
  3 komodo dragons (D)
  3 polar bears (D)
  A meliai (D)
  A troll (D)
  A blink frog (D)
  A yak (D)
  A basilisk (D)
  2 water moccasins (D)
  A sky beast (D)
  14 orc warriors (D)
  5 black bears (D)
  A phantom (D)
  A centaur (D)
  A wolf (D)
  3 ogres (D)
  A big kobold (D)
  3 bullfrogs (D)
  A scorpion (D)
  A jelly (D)
  4 orc priests (D)
  3 orc wizards (D)
  A white imp (D)
  An ufetubus (D)
  An adder skeleton (D)
  6 orcs (D)
  A hobgoblin (D)
  A kobold (D)
  A ball python skeleton (D)
  2 bats (D)
  2 frilled lizards (D)
98 creatures vanquished.

Notes
Turn   | Place    | Note
-------+----------+-------------------------------------------
     0 | D        | mhtbhm the Human Fighter began the quest for the Orb.
     0 | D        | Reached XP level 1. HP: 18/18 MP: 1/1
     0 | D        | Banished a spatial maelstrom
    27 | D        | Noticed a sky beast
    27 | D        | Noticed an orc wizard
    27 | D        | Noticed a scorpion
    35 | D        | Killed a sky beast
    36 | D        | Reached skill level 5 in Fighting
    36 | D        | Reached skill level 3 in Long Blades
    36 | D        | Reached skill level 5 in Armour
    36 | D        | Reached skill level 1 in Dodging
    36 | D        | Reached skill level 5 in Shields
    36 | D        | Reached XP level 2. HP: 27/27 MP: 2/2
    36 | D        | Reached XP level 3. HP: 33/33 MP: 3/3
    36 | D        | Reached XP level 4. HP: 39/39 MP: 4/4
    36 | D        | Reached XP level 5. HP: 44/44 MP: 5/5
    40 | D        | Reached skill level 4 in Long Blades
    65 | D        | Found a roughly hewn altar of Beogh.
    65 | D        | Found a snail-covered altar of Cheibriados.
    65 | D        | Found a shadowy altar of Dithmenos.
    65 | D        | Found a white marble altar of Elyvilon.
    65 | D        | Found a blossoming altar of Fedhas.
    65 | D        | Found an opulent altar of Gozag.
    66 | D        | Found a hazy altar of Hepliaklqana.
    67 | D        | Found a viscous altar of Jiyva.
    68 | D        | Found an ancient bone altar of Kikubaaqudgha.
    69 | D        | Found a corrupted altar of Lugonu.
    70 | D        | Found a burning altar of Makhleb.
    71 | D        | Found a sparkling altar of Nemelex Xobeh.
    72 | D        | Found an iron altar of Okawaru.
    73 | D        | Found a stormy altar of Qazlal.
    74 | D        | Found a sacrificial altar of Ru.
    75 | D        | Found a shimmering blue altar of Sif Muna.
    76 | D        | Found a bloodstained altar of Trog.
    77 | D        | Found a hide-covered altar of Uskayaw.
    78 | D        | Found a radiant altar of Vehumet.
    79 | D        | Found an ornate altar of the Wu Jian Council.
    80 | D        | Became a worshipper of Warmaster Okawaru
    81 | D        | Found a shimmering altar of Xom.
    82 | D        | Found a basalt altar of Yredelemnul.
    83 | D        | Found a glowing silver altar of Zin.
    84 | D        | Found a glowing golden altar of the Shining One.
   326 | D        | Noticed a centaur
   326 | D        | Noticed an ogre
   326 | D        | Noticed a big kobold
   326 | D        | Noticed a yak
   330 | D        | Reached XP level 6. HP: 35/53 MP: 6/6
   333 | D        | Reached skill level 5 in Long Blades
   338 | D        | Killed an ogre
   339 | D        | Reached skill level 6 in Long Blades
   349 | D        | Reached skill level 7 in Long Blades
   349 | D        | Reached XP level 7. HP: 35/60 MP: 7/7
   352 | D        | Killed a yak
   352 | D        | Reached * piety under Okawaru
   480 | D        | Reached skill level 8 in Long Blades
   496 | D        | Killed an unseen horror
   496 | D        | Reached ** piety under Okawaru
   497 | D        | Reached skill level 10 in Long Blades
   497 | D        | Reached XP level 8. HP: 29/69 MP: 8/8
   789 | D        | Noticed a blink frog
   789 | D        | Noticed a komodo dragon
   789 | D        | Noticed a cane toad
   789 | D        | Noticed a cane toad
   790 | D        | Noticed a cane toad
   794 | D        | Killed a blink frog
   794 | D        | Reached *** piety under Okawaru
   795 | D        | Reached skill level 11 in Long Blades
   795 | D        | Reached XP level 9. HP: 52/76 MP: 9/9
   797 | D        | Reached skill level 10 in Shields
   801 | D        | Killed a komodo dragon
   806 | D        | Reached skill level 12 in Long Blades
   806 | D        | Reached skill level 1 in Stealth
   813 | D        | Killed a cane toad
   813 | D        | Reached **** piety under Okawaru
   814 | D        | Reached skill level 1 in Evocations
   816 | D        | Killed a cane toad
   817 | D        | Reached skill level 10 in Fighting
   817 | D        | Reached skill level 13 in Long Blades
   819 | D        | Killed a cane toad
   820 | D        | Reached XP level 10. HP: 31/86 MP: 10/10
  1068 | D        | Noticed a komodo dragon
  1068 | D        | Noticed a cane toad
  1068 | D        | Noticed a cane toad
  1068 | D        | Noticed a black mamba
  1072 | D        | Killed a komodo dragon
  1074 | D        | Noticed a cane toad
  1078 | D        | Killed a cane toad
  1078 | D        | Reached ***** piety under Okawaru
  1079 | D        | Reached skill level 14 in Long Blades
  1080 | D        | Noticed a komodo dragon
  1082 | D        | Killed a cane toad
  1085 | D        | Killed a black mamba
  1086 | D        | Reached skill level 5 in Dodging
  1101 | D        | Killed a cane toad
  1101 | D        | Received a gift from Okawaru
  1103 | D        | Killed a komodo dragon
  1104 | D        | Reached skill level 15 in Long Blades
  1462 | D        | Reached XP level 11. HP: 74/95 MP: 11/11
  2180 | D        | Found Wiliux's General Store.
  2180 | D        | Noticed an ogre mage
  2180 | D        | Noticed a two-headed ogre
  2180 | D        | Noticed an ogre mage
  2180 | D        | Noticed a two-headed ogre
  2181 | D        | Noticed an ogre mage
  2186 | D        | Noticed an ogre mage
  2189 | D        | Killed an ogre mage
  2191 | D        | Noticed an ogre mage
  2194 | D        | Killed a two-headed ogre
  2195 | D        | Reached skill level 16 in Long Blades
  2196 | D        | Killed an ogre mage
  2196 | D        | Reached ****** piety under Okawaru
  2199 | D        | Killed a two-headed ogre
  2199 | D        | Received a gift from Okawaru
  2200 | D        | Found Bebume Wanoc's Gadget Shoppe.
  2208 | D        | Killed an ogre mage
  2208 | D        | Paralysed by an ogre mage for 2 turns
  2209 | D        | Reached skill level 10 in Armour
  2213 | D        | Killed an ogre mage
  2214 | D        | Reached XP level 12. HP: 40/106 MP: 12/12
  2219 | D        | Killed an ogre mage
  2220 | D        | Found Nymel's Antique Armour Emporium.
  2507 | D        | Found Huq Hifo's Distillery.
  2509 | D        | Noticed a two-headed ogre
  2510 | D        | Noticed a two-headed ogre
  2511 | D        | Noticed an ogre mage
  2512 | D        | Noticed an ogre mage
  2513 | D        | Noticed a two-headed ogre
  2520 | D        | Killed a two-headed ogre
  2523 | D        | Killed a two-headed ogre
  2532 | D        | Killed an ogre mage
  2537 | D        | Killed an ogre mage
  2538 | D        | Reached skill level 17 in Long Blades
  2544 | D        | Killed a two-headed ogre
  2544 | D        | Received a gift from Okawaru
  2584 | D        | Bought a glowing scarf for 216 gold pieces
  2586 | D        | Bought a potion of heal wounds for 60 gold pieces
  2586 | D        | Bought a potion of might for 48 gold pieces
  2586 | D        | Bought a potion of invisibility for 96 gold pieces
  2586 | D        | Bought 2 potions of heal wounds for 120 gold pieces
  2586 | D        | Bought a potion of heal wounds for 60 gold pieces
  2592 | D        | Bought a scroll of fear for 49 gold pieces
  2592 | D        | Bought a scroll of fear for 49 gold pieces
  2592 | D        | Bought a scroll of identify for 28 gold pieces
  2594 | D        | Bought a wand of acid (11) for 420 gold pieces
  2594 | D        | Bought a lightning rod (4/4) for 420 gold pieces
  2602 | D        | Bought a wand of enslavement (11) for 182 gold pieces
  2832 | D        | Noticed Psyche
  2847 | D        | Killed Psyche
  3100 | D        | Gained mutation: Armour fits poorly on your strangely
                  | shaped body. [potion of mutation]
  3100 | D        | Gained mutation: Your flesh is heat resistant. (rF+)
                  | [potion of mutation]
  3100 | D        | Gained mutation: You are partially covered in iridescent
                  | scales. (AC +2) [potion of mutation]
  3101 | D        | Noticed a boulder beetle
  3101 | D        | Noticed a centaur warrior
  3101 | D        | Noticed a centaur warrior
  3101 | D        | Noticed a tengu warrior
  3112 | D        | Killed a boulder beetle
  3115 | D        | Killed a centaur warrior
  3116 | D        | Reached skill level 15 in Shields
  3124 | D        | Noticed a rakshasa
  3127 | D        | Killed a centaur warrior
  3128 | D        | Reached skill level 15 in Fighting
  3128 | D        | Noticed a stone giant
  3133 | D        | Killed a tengu warrior
  3139 | D        | Noticed an ettin
  3140 | D        | Reached XP level 13. HP: 48/115 MP: 13/13
  3141 | D        | Killed a rakshasa
  3141 | D        | Noticed a stone giant
  3142 | D        | Reached skill level 5 in Evocations
  3306 | D        | Killed a stone giant
  3307 | D        | Reached skill level 10 in Dodging
  3629 | D        | Noticed a vampire knight
  3634 | D        | Killed a stone giant
  3647 | D        | Slain by a vampire knight

Illustrated notes

Levels and vault maps discovered:
D:        linesprint [early_d, line_temple, items_1, d_10, items_2, lair_1,
          lair_end, items_3, orc_1, orc_end, items_4, d_15, swamp_1, shoals_1,
          snake_1, spider_1, d_20, vaults_1, items_5, swamp_end, shoals_end,
          snake_end, spider_end, vaults_end, d_27, items_6, zot_1, zot_end,
          crypt_end, forest_end, elf_end, slime_end, tomb_end, abyss_end,
          pan_hell_end]

Skill      XL: |  1  2  3  4  5  6  7  8  9 10 11 12 13 |
---------------+----------------------------------------+-----
Fighting       | 5 6 7 8 9 10 11 13 15 | 15.5
Long Blades    | 3 4 7 10 11 13 15 16 17 | 17.6
Armour         | 5 6 7 8 9 10 11 | 11.7
Dodging        | 1 2 3 4 5 8 9 10 | 10.1
Shields        | 5 6 8 9 10 11 13 15 | 15.9
Stealth        | 1 2 3 |  3.8
Evocations     | 1 2 3 4 5 |  5.2

Action                   |  1- 3 |  4- 6 |  7- 9 | 10-12 | 13-15 || total
-------------------------+-------+-------+-------+-------+-------++-------
Melee: Long sword        |    24 |    19 |       |       |       ||    43
       Scimitar          |       |    19 |    52 |   252 |       ||   323
       Double sword      |       |       |       |    33 |    26 ||    59
Evoke: Wand              |       |       |     2 |     8 |     2 ||    12
       Lightning rod     |       |       |       |     2 |     1 ||     3
  Use: Potion            |     1 |       |     1 |     4 |     2 ||     8
Armor: Scale mail        |    19 |     6 |       |       |       ||    25
       Ring mail         |       |     3 |     6 |    30 |       ||    39
       Storm dragon scal |       |       |       |     5 |     2 ||     7
Dodge: Dodged            |     8 |     9 |    16 |    85 |     6 ||   124
Block: Kite shield       |    15 |    21 |    18 |   108 |       ||   162
       Tower shield      |       |       |       |    24 |    27 ||    51
       Rpst.: Long sword |     4 |     1 |       |       |       ||     5
       Scimitar          |       |     2 |     6 |    11 |       ||    19
       Double sword      |       |       |       |     1 |     1 ||     2

Table legend: (Time is in decaauts)
 A = Elapsed time spent in this place.
 B = Non-inter-level travel time spent in this place.
 C = Inter-level travel time spent in this place.
 D = Time resting spent in this place.
 E = Time spent auto-exploring this place.
 F = Levels seen in this place.
 G = Mean time per level.
                   A        B        C        D        E       F      G
               +--------+--------+--------+--------+--------+-----+--------+
         Total |   3578 |   3578 |      0 |   1601 |    892 |   1 | 3578.0 |
       Dungeon |   3578 |   3578 |      0 |   1601 |    892 |   1 | 3578.0 |
               +--------+--------+--------+--------+--------+-----+--------+

Top non-repeatable levels by time:
       D: 3578 daAuts
